 Dungeon Crawl Stone Soup version 0.28.0-49-g6dfe1f597d (webtiles) character file.

Game seed: 13101972355696729665

249 Gabide the Poker (level 6, -3/48 HPs)
             Began as a Human Monk on May 12, 2022.
             Killed by divine providence
             ... invoked by an orc priest
              (14 damage)
             ... on level 4 of the Dungeon.
             The game lasted 00:05:32 (4132 turns).

Gabide the Poker (Human Monk)                       Turns: 4132, Time: 00:05:33

Health: -3/48      AC:  8    Str: 14    XL:     6   Next: 35%
Magic:  6/6        EV: 12    Int: 10    God:
Gold:   198        SH:  0    Dex: 15    Spells: 5/5 levels left

rFire   . . .      SeeInvis .   a - +0 spear
rCold   . . .      Faith    .   (no shield)
rNeg    . . .      Spirit   .   k - +0 ring mail
rPois   .          Reflect  .   (no helmet)
rElec   .          Harm     .   d - +0 cloak
rCorr   .          Rampage  .   c - +0 pair of gloves
Will    .....                   g - +0 pair of boots
Stlth   +.........              (no amulet)
HPRegen 0.16/turn               (no ring)
MPRegen 0.10/turn               (no ring)

@: no status effects
A: no striking features
a: no special abilities


You were on level 4 of the Dungeon.
You visited 1 branch of the dungeon, and saw 4 of its levels.

You collected 198 gold pieces.

Inventory:

Hand Weapons
 a - a +0 spear (weapon)
Armour
 c - a +0 pair of gloves (worn)
 d - a +0 cloak (worn)
 g - a +0 pair of boots (worn)
 k - a +0 ring mail (worn)
Jewellery
 b - a ring of fire
Scrolls
 e - a scroll of enchant weapon {unknown}
 h - 2 scrolls of blinking {unknown}
 m - a scroll of teleportation {unknown}
Potions
 i - 2 potions of brilliance
 j - a potion of might {unknown}
 l - a potion of curing {unknown}


   Skills:
 + Level 4.1 Fighting
 + Level 4.1 Polearms
 * Level 2.7 Armour
 + Level 4.1 Dodging
 - Level 2.0 Stealth


You had 5 spell levels left.
You didn't know any spells.
Your spell library was empty.

Dungeon Overview and Level Annotations

Branches:
Dungeon (4/15)             Temple (0/1) D:4

Altars:
Beogh


Message History

The orc priest barely misses you.
You hit the orc priest but do no damage.
The orc priest is lightly wounded.
The orc priest hits you with a +0 war axe.
You closely miss the orc priest.
The orc priest is lightly wounded.
The orc priest casts a cantrip, but nothing happens.
You hit the orc priest.
The orc priest is lightly wounded.
The orc priest mumbles some strange prayers to Beogh against you.
Beogh smites you!
You hit the orc priest.
The orc priest is heavily wounded.
The orc priest hits you but does no damage.
You hit the orc priest.
The orc priest is heavily wounded.
The orc priest closely misses you.
You closely miss the orc priest.
The orc priest is heavily wounded.
You barely miss the orc priest.
The orc priest is heavily wounded.
The orc priest closely misses you.
You aren't carrying any items that you can evoke.
Okay, then.
You barely miss the orc priest.
The orc priest is heavily wounded.
The orc priest mumbles some strange prayers to Beogh against you.
Pain shoots through your body!
* * * LOW HITPOINT WARNING * * *
You hit the orc priest but do no damage.
The orc priest is heavily wounded.
The orc priest closely misses you.
You hit the orc priest.
The orc priest is almost dead.
The orc priest hits you but does no damage.
You barely miss the orc priest.
The orc priest is almost dead.
The orc priest invokes the aid of Beogh against you.
Beogh smites you!
You die...

#.###############.########
#.# #.............# ## #.#
#.............# .###.#
#.............# ...#.#
######.######## .#.#.# #.#
.#.#.# #.# .#.#.#
##########.#
.#.#.######....o@....#
............>..#######
.#...######### .#......#
.#......# .#......#
.######## .. ..


You could see an orc priest.

Vanquished Creatures
  An orc priest (D:4)
  An iguana (D:4)
  An orc wizard (D:4)
  5 adders
  2 worms
  A dart slug (D:1)
  13 orcs
  4 endoplasms
  A giant cockroach (D:1)
  12 goblins
  9 hobgoblins
  7 jackals
  6 quokkas
  A ball python (D:3)
  5 bats
  2 frilled lizards
  4 kobolds
  8 rats
83 creatures vanquished.

Vanquished Creatures (others)
  An orc wizard (D:4)
1 creature vanquished.

Grand Total: 84 creatures vanquished

Notes
Turn   | Place    | Note
-------+----------+-------------------------------------------
     0 | D:1      | Gabide the Human Monk began the quest for the Orb.
     0 | D:1      | Reached XP level 1. HP: 18/18 MP: 1/1
    44 | D:1      | Reached XP level 2. HP: 24/24 MP: 2/2
   319 | D:1      | Reached XP level 3. HP: 26/29 MP: 3/3
  1520 | D:2      | Reached XP level 4. HP: 36/36 MP: 4/4
  1688 | D:2      | Found a faded altar of an unknown god.
  1759 | D:2      | Reached skill level 1 in Armour
  2308 | D:3      | Reached XP level 5. HP: 12/42 MP: 5/5
  3666 | D:4      | Reached XP level 6. HP: 48/48 MP: 6/6
  4113 | D:4      | Found a staircase to the Ecumenical Temple.
  4132 | D:4      | Killed from afar by an orc priest

Illustrated notes

Levels and vault maps discovered:
D:1:      dpeg_arrival_subterranean_lakeside_camping, layout_basic
D:2:      layout_loops_ring, hellmonk_ecumenical_altar_defaced_shrine,
          minmay_quantized
D:3:      layout_basic, kennysheep_generic_room_12
D:4:      layout_basic, minmay_temple_entry_proselytizer,
          minmay_tree_intersection, grunt_decor_one_mirror,
          nicolae_elevator_lobby_asterisk

Skill      XL: |  1  2  3  4  5 |
---------------+----------------+-----
Armour         | 1 2 |  2.7
Fighting       | 4 |  4.1
Polearms       | 4 |  4.1
Dodging        | 4 |  4.1
Stealth        | |  2.0

Action                   |  1- 3 |  4- 6 || total
-------------------------+-------+-------++-------
Melee: Spear             |   126 |   288 ||   414
       Punch             |       |     7 ||     7
  Use: Scroll            |       |     2 ||     2
       Potion            |       |     1 ||     1
 Stab: Sleeping          |     8 |     4 ||    12
       Invisible         |       |     2 ||     2
Armor: Robe              |    16 |       ||    16
       Ring mail         |     1 |    78 ||    79
Dodge: Dodged            |    63 |   120 ||   183
